 Dungeon Crawl Stone Soup version 0.29.1-4-g47bece8355 (webtiles) character file.

Game seed: 14406845889460748913

1179 Peloso the Carver (level 8, 0/68 HPs)
             Began as a Minotaur Fighter on Dec 3, 2022.
             Was a Follower of Okawaru.
             Slain by a kobold brigand
             ... wielding a +0 dagger
              (2 damage)
             ... on level 6 of the Dungeon.
             The game lasted 00:07:59 (4822 turns).

Peloso the Carver (Minotaur Fighter)                Turns: 4822, Time: 00:07:59

Health: 0/68       AC: 16    Str: 26    XL:     8   Next: 18%
Magic:  7/7        EV:  9    Int:  5    God:    Okawaru [*.....]
Gold:   245        SH:  5    Dex: 13    Spells: 7/7 levels left

rFire   . . .      SeeInvis .   a - +2 falchion (venom)
rCold   . . .      Faith    .   e - +0 buckler
rNeg    + . .      Spirit   .   y - +3 chain mail {rN+}
rPois   .          Reflect  .   (helmet restricted)
rElec   .          Harm     .   (no cloak)
rCorr   .          Rampage  .   g - +0 pair of gloves
Will    .....                   j - +0 pair of boots
Stlth   ..........              (no amulet)
HPRegen 0.21/turn               x - +6 ring of strength
MPRegen 0.10/turn               (no ring)

@: slowed, very slow
A: horns 2, retaliatory headbutt
a: Renounce Religion, Heroism


You were on level 6 of the Dungeon.
You worshipped Okawaru.
Okawaru was aware of your devotion.
You visited 2 branches of the dungeon, and saw 7 of its levels.

You collected 245 gold pieces.

Inventory:

Hand Weapons
 a - a +2 falchion of venom (weapon)
 b - a +0 spear of flaming
Armour
 e - a +0 buckler (worn)
 g - a +0 pair of gloves (worn)
 j - a +0 pair of boots (worn)
 y - a +3 chain mail of positive energy (worn)
Jewellery
 o - a ring of fire
 x - a +6 ring of strength (left hand)
Wands
 t - a wand of roots (9)
Scrolls
 k - a scroll of magic mapping {unknown}
 m - 3 scrolls of identify
 p - a scroll of brand weapon {unknown}
 q - a scroll of butterflies {unknown}
 r - a scroll of enchant armour {unknown}
 s - 2 scrolls of poison {unknown}
 u - 2 scrolls of immolation {unknown}
 v - a scroll of teleportation {unknown}
Potions
 c - a potion of resistance {unknown}
 d - a potion of might
 f - a potion of haste
 h - a potion of attraction {unknown}
 i - a potion of heal wounds
 l - 3 potions of degeneration {unknown}
 n - a potion of invisibility {unknown}
 w - 2 potions of curing {unknown}
 z - 3 potions of flight {unknown}
 A - a potion of brilliance {unknown}


   Skills:
 + Level 5.3 Fighting
 + Level 8.3 Long Blades
 + Level 6.7 Armour
 + Level 2.3 Dodging
 + Level 0.4 Stealth
 + Level 5.2 Shields


You had 7 spell levels left.
You didn't know any spells.
Your spell library contained the following spells:

 Spells                   Type           Power      Damage    Failure   Level
 Necrotise                Necr           0%         1d4       98%         1
 Ignite Poison            Fire/Tmut/Pois 0%         N/A       100%        3
 Mephitic Cloud           Conj/Pois/Air  0%         N/A       100%        3
 Portal Projectile        Hex/Tloc       0%         N/A       100%        3
 Vampiric Draining        Necr           0%         2d6       100%        3
 Agony                    Necr           0%         N/A       100%        5
 Blade Hands              Tmut           0%         N/A       100%        5
 Freezing Cloud           Conj/Ice/Air   0%         6-21      100%        5
 Tukima's Dance           Hex            Unusable   N/A       N/A         3

Dungeon Overview and Level Annotations

Branches:
Dungeon (6/15)             Temple (1/1) D:6

Altars:
Ashenzari
Cheibriados
Dithmenos
Fedhas
Hepliaklqana
Okawaru
Qazlal
Trog

Annotations:
D:4 1 runed translucent door, LaMa's ghost, amateur MiBe


Innate Abilities, Weirdness & Mutations

You have a pair of horns on your head.
You reflexively headbutt those who attack you in melee.


Message History

Okawaru accepts your kill.
You barely miss the ogre.
The ogre hits you with a +0 giant spiked club!
You slash the ogre!
The ogre is poisoned.
The ogre is moderately wounded.
You slash the ogre!
The ogre looks as sick as possible!
You headbutt the ogre.
The ogre is severely wounded.
The ogre hits you with a +0 giant spiked club!!
A kobold demonologist comes into view. It is wielding a +0 dagger.
You hit the ogre.
You kill the ogre!
Okawaru accepts your kill.
The kobold brigand throws a curare-tipped dart.
The curare-tipped dart hits you.
You are poisoned.
You have difficulty breathing.
You feel yourself slow down.
You feel very sick.
You feel sick.
The kobold demonologist gestures wildly while chanting.
The kobold brigand hits you but does no damage.
The kobold demonologist gestures wildly while chanting.
Okay, then.
You feel sick.
You feel sick.
The kobold demonologist mumbles some strange words.
The kobold brigand hits you with a +0 dagger.
* * * LOW HITPOINT WARNING * * *
You feel sick.
You are no longer poisoned.
The kobold demonologist looks encouraged for a moment.
You hear a skittering sound.
The kobold brigand hits you but does no damage.
You block the kobold brigand's attack. The smoke demon gestures at you.
Something smites you!
* * * LOW HITPOINT WARNING * * *
The kobold brigand attacks as you move away!
You block the kobold brigand's attack.
The kobold brigand hits you with a +0 dagger.
You die...

........###.#.≈≈≈≈≈≈...≈≈≈≈≈≈...
............#..≈≈≈≈≈≈≈≈≈≈≈≈≈.
............#....≈≈≈≈≈≈≈≈≈...
...................≈≈≈≈≈.....
.............................
...##....................####
...##.....##...#......#.##
.......#..#....#.....#
.....###........@#..
.....##.........K# #
..........###..##
....#.....#....#
...###)..##3..## .....#.)).....#
.........4K..## .......K.#####
..##.#...##


You could see a kobold demonologist, a smoke demon (summoned), a chaos spawn
(summoned) and a kobold brigand.

Vanquished Creatures
  A troll (D:6)
  Duvessa (D:5)
  2 ogres
  A centaur (D:6)
  A kobold brigand (D:6)
  A phantom (D:6)
  A scorpion (D:5)
  Dowan (D:5)
  3 jellies
  2 orc priests (D:2)
  An orc wizard (D:3)
  4 gnolls
  3 adders
  3 worms
  2 dart slugs
  18 orcs
  3 ball pythons
  6 endoplasms
  3 giant cockroaches
  8 goblins
  11 hobgoblins
  14 kobolds
  5 bats
  2 frilled lizards (D:2)
  7 rats
104 creatures vanquished.

Notes
Turn   | Place    | Note
-------+----------+-------------------------------------------
     0 | D:1      | Peloso the Minotaur Fighter began the quest for the Orb.
     0 | D:1      | Reached XP level 1. HP: 19/19 MP: 0/0
   257 | D:1      | Reached XP level 2. HP: 26/27 MP: 1/1
   791 | D:1      | Reached XP level 3. HP: 31/33 MP: 2/2
  1061 | D:2      | Reached skill level 3 in Long Blades
  1222 | D:2      | Reached XP level 4. HP: 10/40 MP: 3/3
  1231 | D:2      | Reached skill level 4 in Long Blades
  2237 | D:3      | Reached XP level 5. HP: 46/46 MP: 4/4
  2444 | D:3      | Found a faded altar of an unknown god.
  2456 | D:3      | Reached skill level 5 in Long Blades
  2486 | D:3      | Noticed an ogre
  2497 | D:3      | Killed an ogre
  2498 | D:3      | Reached skill level 5 in Armour
  2498 | D:3      | Reached XP level 6. HP: 42/53 MP: 5/5
  3061 | D:4      | Found a runed translucent door.
  3289 | D:4      | Noticed LaMa's ghost (amateur MiBe)
  3321 | D:5      | Entered Level 5 of the Dungeon
  3445 | D:5      | Reached skill level 6 in Long Blades
  3477 | D:5      | Found the +1 Delatra's gloves {ID++}
  3625 | D:5      | Noticed Duvessa
  3625 | D:5      | Noticed Dowan
  3639 | D:5      | Reached skill level 1 in Dodging
  3647 | D:5      | Killed Duvessa
  3653 | D:5      | Reached XP level 7. HP: 40/60 MP: 6/6
  3818 | D:5      | Killed Dowan
  4353 | D:6      | Found a staircase to the Ecumenical Temple.
  4365 | Temple   | Entered the Ecumenical Temple
  4379 | Temple   | Became a worshipper of Warmaster Okawaru
  4405 | D:6      | Noticed a troll
  4413 | D:6      | Killed a troll
  4414 | D:6      | Reached skill level 5 in Fighting
  4414 | D:6      | Reached skill level 7 in Long Blades
  4551 | D:6      | Reached * piety under Okawaru
  4629 | D:6      | Reached skill level 5 in Shields
  4629 | D:6      | Reached XP level 8. HP: 59/68 MP: 7/7
  4699 | D:6      | Reached skill level 8 in Long Blades
  4811 | D:6      | Noticed a kobold demonologist
  4815 | D:6      | Noticed a smoke demon
  4815 | D:6      | Noticed a red devil
  4821 | D:6      | HP: 1/68 [smoke demon/divine providence[a kobold
                  | demonologist] (13)]
  4822 | D:6      | Slain by a kobold brigand

Illustrated notes

Levels and vault maps discovered:
D:1:      dpeg_arrival_rooms_a, layout_loops_ring,
          hangedman_decor_clover_reticule, dk_noncrumbling_4
D:2:      cheibrodos_pilgrimage, layout_basic
D:3:      layout_rooms, shapermc_ecumenical_altar_starsandcircs
D:4:      layout_cave_pools, ebering_ghost_reflecting_pool, st_stairs_5
D:5:      layout_basic, minivault_25, uniq_duvessa
D:6:      layout_cave_pools, kennysheep_mini_moat, temple_pool_b, serial_glass,
          glass_columns_a, glass_columns_c
Temple:   nicolae_temple_bog_church

Skill      XL: |  1  2  3  4  5  6  7  8 |
---------------+-------------------------+-----
Armour         | 4 5 6 |  6.7
Shields        | 4 5 |  5.2
Long Blades    | 3 4 5 6 7 8 |  8.3
Fighting       | 4 5 |  5.3
Dodging        | 1 2 |  2.3
Stealth        | |  0.4

Action                   |  1- 3 |  4- 6 |  7- 9 || total
-------------------------+-------+-------+-------++-------
Melee: Long sword        |    68 |    88 |       ||   156
       Headbutt          |    10 |    25 |    15 ||    50
       Falchion          |       |    40 |    57 ||    97
  Use: Scroll            |     1 |     1 |       ||     2
       Potion            |     1 |     1 |       ||     2
Armor: Scale mail        |    30 |    19 |       ||    49
       Chain mail        |       |    37 |    45 ||    82
Dodge: Dodged            |    27 |    55 |    24 ||   106
Block: Buckler           |    22 |    32 |    22 ||    76
